Map: Oxide LE

Players

Bunny

  • Race: Terran Terran

Serral - Winner!

  • Race: Zerg Zerg

Event: DreamHack SC2 Masters 2021 Fall

VOD

Have the link to the VOD?

Description

Time

  • Played on: Sept. 12, 2021, 9:48 a.m.
  • Length: 13:10

All games in this series

Show
View Real Time Build Order
Export as new Build Order

Bunny Terran 

Build Orders: Hellion Opening, Reaper Expand 

Get SALT Encoding   

  12  0:00  SCV  
  13  0:12  SCV  
  14  0:17  Supply Depot  
  14  0:24  SCV  
  15  0:39  SCV  
  15  0:40  Barracks  
  16  0:43  Refinery  
  16  0:51  SCV  
  17  1:03  SCV  
  18  1:15  SCV  
  19  1:28  Reaper, Orbital Command  
  20  1:38  Command Center  
  20  1:48  Supply Depot  
  20  1:53  SCV  
  21  2:00  Marine  
  22  2:05  SCV  
  22  2:08  Factory  
  23  2:17  SCV  
  23  2:21  Barracks Reactor  
  24  2:29  SCV  
  25  2:39  Command Center  
  25  2:41  SCV  
  26  2:50  Orbital Command  
  26  2:53  SCV  
  27  2:59  Starport  
  27  3:06  SCV  
  27  3:09  Refinery  
  27  3:10  Hellion  
  30  3:13  Hellion  
  30  3:16  Barracks Tech Lab  
  30  3:18  SCV  
  33  3:21  SCV  
  34  3:30  SCV  
  34  3:32  Hellion  
  34  3:33  SCV  
  38  3:35  Hellion  
  38  3:39  Viking  
  42  3:41  Marine  
  42  3:44  SCV  
  42  3:45  SCV  
  45  3:51  Orbital Command  
  45  3:54  Stimpack  
  45  3:57  Hellion  
  45  3:59  Hellion  
  45  4:02  SCV x2  
  51  4:14  SCV x2  
  53  4:18  Supply Depot  
  52  4:25  Starport Reactor  
  52  4:27  SCV  
  52  4:28  SCV, Barracks  
  52  4:29  Factory Tech Lab  
  52  4:30  Barracks  
  54  4:32  Marine  
  54  4:33  Orbital Command  
  55  4:39  SCV, Engineering Bay x2  
  55  4:40  SCV  
  57  4:47  Refinery, Supply Depot  
  57  4:48  Siege Tank  
  60  4:54  SCV x2  
  60  4:56  Marine  
  60  4:59  Refinery  
  63  5:02  SCV  
  63  5:03  Supply Depot  
  63  5:06  SCV x2  
  66  5:10  Terran Infantry Weapons Level 1  
  66  5:12  Starport Reactor  
  66  5:15  SCV  
  66  5:16  Marine x2  
  66  5:18  SCV x2  
  71  5:23  Siege Tank  
  71  5:25  Supply Depot  
  71  5:27  SCV  
  75  5:30  SCV x2, Supply Depot  
  75  5:33  Marine x3  
  75  5:34  Marine x2  
  82  5:40  SCV  
  82  5:41  Terran Infantry Armor Level 1  
  82  5:42  SCV, Combat Shield  
  84  5:43  SCV  
  84  5:49  Medivac  
  87  5:51  Marine x2  
  87  5:53  Barracks x2  
  87  5:55  SCV x2  
  87  5:56  SCV, Medivac  
  94  6:02  Supply Depot  
  94  6:07  SCV  
  94  6:08  SCV x2  
  94  6:10  Marine, Siege Tank  
  101  6:15  Supply Depot  
  101  6:20  Supply Depot  
  101  6:23  Marine x4  
  101  6:24  SCV x3  
  108  6:35  Marine  
  108  6:36  Medivac x2  
  108  6:38  SCV x2  
  108  6:39  SCV  
  116  6:41  Marine x3  
  116  6:42  Siege Tank  
  116  6:43  Supply Depot x2  
  116  6:44  Barracks Reactor, Refinery  
  122  6:49  Barracks Reactor  
  122  6:53  Marine x2  
  124  6:56  Command Center  
  124  7:02  SCV  
  124  7:04  Supply Depot, Armory  
  124  7:05  SCV x2  
  127  7:08  Supply Depot  
  127  7:12  Marine x3  
  129  7:23  SCV x3  
  129  7:27  Supply Depot, Siege Tank  
  129  7:28  Supply Depot, Medivac x2  
  139  7:30  Marine x7  
  146  7:43  Marine x2  
  146  7:44  Factory  
  148  7:45  Supply Depot  
  148  7:47  Marine  
  148  7:48  Marine x4  
  153  7:57  Terran Infantry Weapons Level 2  
  153  7:59  SCV x3  
  153  8:02  Siege Tank  
  156  8:12  Marine x3  
  154  8:13  Marine x5  
  154  8:14  Medivac x2  
  153  8:21  Marine  
  153  8:23  Terran Infantry Armor Level 2  
  154  8:28  Barracks  
  154  8:29  Barracks  
  154  8:30  Marine x4  
  154  8:31  SCV x3, Barracks  
  154  8:32  Factory Tech Lab  
  161  8:38  Marine x4  
  161  8:39  Marauder  
  160  8:42  Siege Tank  
  160  8:48  Marine x4  
  164  8:52  Siege Tank  
  168  8:56  Marine x2  
  168  9:01  Marauder  
  168  9:02  Planetary Fortress  
  172  9:03  SCV x3  
  172  9:07  Marine x6  
  179  9:14  Refinery  
  179  9:15  Siege Tank  
  179  9:16  Refinery  
  182  9:21  Barracks Tech Lab x3  
  182  9:22  Marauder  
  182  9:25  SCV x3  
  182  9:30  Liberator  
  183  9:43  Marauder  
  183  9:44  Terran Vehicle Weapons Level 1  
  180  9:51  Sensor Tower  
  180  9:52  Command Center  
  180  9:53  Supply Depot  
  180  9:54  Marauder  
  180  9:55  Supply Depot, Marauder x2  
  180  9:56  Supply Depot, Concussive Shells  
  186  10:02  Marine  
  186  10:03  Marine  
  186  10:05  Orbital Command  
  186  10:06  Marine x3  
  188  10:07  Marine x2  
  179  10:16  Marine x3, Siege Tank  
  179  10:17  Marine, Siege Tank  
  173  10:32  Marauder x2  
  173  10:33  Marine  
  173  10:34  Marine x3, Marauder  
  181  10:38  SCV  
  181  10:39  SCV x2, Ghost Academy, Medivac  
  186  10:43  Marine x2  
  188  10:52  Marine  
  188  10:53  Marine x2  
  188  10:54  Marine, SCV  
  188  10:56  Siege Tank x2  
  176  11:04  Marauder x3  
  176  11:08  Marine x2  
  176  11:09  Marine  
  176  11:10  Marine x4  
  171  11:11  Marine  
  171  11:12  Marine  
  152  11:23  Medivac x2  
  152  11:25  Marine x3  
  146  11:32  Marine x2  
  143  11:46  Orbital Command  
  132  12:07  Supply Depot x2  
  124  12:15  Marine x2  
  118  12:16  Marine x4  
  117  12:23  Siege Tank  
  117  12:26  Marine x4  
  120  12:31  Marine  
  120  12:36  Marine x3  
  120  12:37  Marine x2  
  125  12:48  Supply Depot  
  125  12:51  Supply Depot  
Show
View Real Time Build Order
Export as new Build Order

Serral Zerg - Winner!

Build Orders: Hatch First 

Get SALT Encoding   

  12  0:00  Drone  
  13  0:12  Overlord  
  13  0:17  Drone  
  14  0:31  Drone x2  
  16  0:48  Hatchery  
  15  0:51  Drone  
  15  0:55  Drone  
  17  0:58  Drone  
  18  1:09  Extractor  
  17  1:13  Spawning Pool  
  17  1:16  Drone  
  17  1:19  Drone  
  18  1:28  Drone  
  19  1:39  Drone  
  20  1:49  Drone  
  21  2:00  Queen x2  
  21  2:01  Zergling x4  
  27  2:11  Drone, Overlord  
  28  2:23  Hatchery  
  28  2:27  Drone  
  28  2:30  Drone  
  28  2:33  Drone  
  28  2:35  Drone  
  30  2:39  Metabolic Boost  
  30  2:45  Queen  
  30  2:50  Overlord  
  32  2:55  Drone x2  
  32  2:57  Drone  
  35  3:04  Overlord  
  35  3:09  Drone x3  
  35  3:11  Drone  
  39  3:15  Queen  
  39  3:19  Drone  
  42  3:20  Drone  
  42  3:25  Queen  
  45  3:31  Drone x2  
  47  3:34  Queen  
  47  3:37  Overlord  
  49  3:43  Drone  
  49  3:44  Zergling x2, Drone  
  49  3:46  Zergling x2  
  49  3:47  Drone  
  49  3:48  Drone  
  55  3:54  Queen  
  57  4:01  Zergling x2, Overlord  
  57  4:02  Queen  
  58  4:04  Drone x2  
  58  4:06  Drone  
  58  4:09  Drone  
  64  4:13  Overlord  
  64  4:19  Queen  
  64  4:22  Overlord  
  64  4:23  Zergling x4  
  68  4:24  Drone x2  
  68  4:25  Drone  
  68  4:26  Drone  
  68  4:30  Overlord  
  72  4:32  Drone  
  72  4:34  Overlord  
  72  4:37  Lair  
  73  4:41  Drone x3  
  73  4:43  Drone x2  
  73  4:45  Drone  
  79  4:49  Zergling x2  
  79  4:51  Extractor  
  79  4:52  Drone x2  
  81  4:53  Baneling Nest  
  81  4:57  Zergling x2  
  81  4:58  Overlord  
  82  5:00  Drone x2  
  82  5:03  Extractor x2  
  82  5:04  Drone x3  
  84  5:11  Spore Crawler  
  84  5:15  Zergling x4  
  84  5:16  Drone  
  84  5:18  Overlord  
  84  5:19  Drone  
  84  5:20  Drone  
  89  5:21  Hatchery  
  89  5:26  Drone  
  89  5:27  Drone x2  
  91  5:28  Evolution Chamber  
  91  5:31  Evolution Chamber  
  89  5:36  Overlord, Centrifical Hooks  
  89  5:37  Drone x3  
  92  5:45  Drone x2  
  94  5:52  Zergling x16  
  94  5:56  Drone  
  103  5:59  Hatchery  
  103  6:02  Drone  
  103  6:03  Zerg Melee Weapons Level 1, Zerg Ground Armor Level 1  
  103  6:04  Drone x2  
  103  6:10  Baneling x2  
  103  6:11  Baneling x5  
  105  6:12  Baneling  
  105  6:14  Overlord  
  105  6:15  Drone x4  
  105  6:17  Zergling x6  
  112  6:24  Baneling x7  
  112  6:25  Zergling x6  
  115  6:29  Zergling x6  
  118  6:33  Queen  
  118  6:37  Drone x3  
  124  6:40  Drone, Hatchery  
  124  6:42  Overseer  
  124  6:43  Overlord  
  124  6:46  Zergling x10, Baneling  
  128  6:51  Baneling x4  
  128  6:52  Baneling x2  
  128  6:53  Zergling x2  
  128  6:54  Zergling x6  
  132  6:58  Zergling x2  
  132  6:59  Zergling x6  
  135  7:05  Zergling x12  
  140  7:12  Queen, Drone x2  
  139  7:16  Zergling x10  
  139  7:24  Zergling x14  
  146  7:31  Extractor, Drone, Infestation Pit  
  146  7:32  Spore Crawler, Drone x3  
  146  7:33  Zergling x4  
  146  7:36  Baneling x3  
  146  7:37  Baneling x9  
  149  7:43  Overlord x4  
  149  7:51  Queen  
  148  7:52  Overlord  
  148  7:53  Zergling x2  
  148  7:54  Zergling x8  
  155  8:02  Zergling x22  
  155  8:04  Zerg Melee Weapons Level 2, Zerg Ground Armor Level 2  
  165  8:09  Zergling x10  
  166  8:16  Zergling x2  
  166  8:17  Zergling x6  
  153  8:20  Hive  
  153  8:23  Zergling x6  
  153  8:27  Zergling x16  
  159  8:30  Baneling x10  
  159  8:31  Baneling  
  159  8:34  Zergling x8  
  166  8:38  Zergling x4  
  165  8:44  Zergling x8  
  165  8:45  Baneling  
  165  8:46  Baneling x2  
  169  8:49  Zergling x4  
  168  8:56  Zergling x30  
  181  9:10  Hatchery  
  181  9:11  Baneling x4  
  181  9:14  Overlord x3  
  181  9:15  Baneling x8  
  180  9:17  Overlord  
  180  9:28  Zergling x14  
  181  9:43  Zergling x20, Overseer  
  181  9:44  Zergling x12  
  197  9:49  Extractor, Drone x3  
  197  9:50  Drone  
  197  9:51  Spore Crawler  
  197  9:52  Adrenal Glands  
  199  9:57  Pneumatized Carapace  
  199  9:58  Burrow  
  199  10:03  Baneling x14  
  191  10:09  Zergling x2  
  191  10:10  Zergling x20  
  189  10:15  Baneling x6  
  189  10:18  Zergling x12  
  181  10:26  Zergling x16  
  185  10:34  Drone x2  
  187  10:35  Drone  
  187  10:38  Zergling x6  
  187  10:39  Zergling x16  
  187  10:42  Baneling x8  
  199  10:47  Baneling x4  
  195  10:52  Zergling x18  
  190  11:02  Zergling x24  
  182  11:07  Zergling x12  
  163  11:16  Zergling x16  
  164  11:23  Zergling x18  
  163  11:29  Zergling x12  
  169  11:40  Zergling x12  
  175  11:51  Hatchery, Drone x2  
  175  11:52  Drone x2  
  175  11:58  Zergling x16  
  164  12:11  Zergling x16  
  169  12:18  Baneling x5  
  166  12:27  Zergling x2  
  166  12:28  Zergling x18  
  173  12:32  Baneling x7  
  173  12:34  Viper  
  173  12:35  Viper  
  173  12:36  Zergling x10  
  176  12:41  Baneling x10  
  167  12:52  Zergling x6  
  167  12:53  Zergling x28  

Tags
 
Add a new tag
Caveats
  • Supply blocks, unpowered buildings, or Contaminate may cause inaccurate times.
  • Supply counts are checked every 10 seconds.